 Dungeon Crawl Stone Soup version 0.32-a0-834-geaf45d8e21 (webtiles) character file.

Game seed: 14704553174695978345

1 jasper the Chopper (level 1, 0/17 HPs)
             Began as a Mountain Dwarf Gladiator on Mar 25, 2024.
             Slain by a ball python (2 damage)
             ... on level 2 of the Dungeon.
             The game lasted 00:00:07 (12 turns).

jasper the Chopper (Mountain Dwarf Gladiator)         Turns: 12, Time: 00:00:08

Health: 0/17       AC:  4    Str: 16    XL:     1   Next: 16%
Magic:  1/1        EV:  0    Int:  8    God:
Gold:   0          SH:  0    Dex: 11    Spells: 0/0 levels left

rFire   . . .        a - +0 war axe
rCold   . . .        (no shield)
rNeg    . . .        b - +0 leather armour
rPois   .            c - +0 helmet
rElec   .            (no cloak)
rCorr   .            (no gloves)
SInv    .            (no boots)
Will    .....        (no amulet)
Stlth   +            (no ring)
HPRegen 0.22/turn    (no ring)
MPRegen 0.07/turn

%: no passive effects
@: constricted
A: runic magic, artefact enchanting
a: no special abilities


You were on level 2 of the Dungeon.
You visited 1 branch of the dungeon, and saw 2 of its levels.

Inventory:

Hand Weapons
 a - a +0 war axe (weapon)
Missiles
 d - 3 throwing nets (quivered)
 e - a javelin
Armour
 b - a +0 leather armour (worn)
 c - a +0 helmet (worn)


   Skills:
 - Level 2.1 Fighting
 + Level 3.7 Axes
 - Level 1.5 Throwing
 - Level 2.1 Dodging


You couldn't memorise any spells.
You didn't know any spells.
Your spell library was empty.

Dungeon Overview and Level Annotations

Branches:
Dungeon (2/15)

Altars:


Innate Abilities, Weirdness & Mutations

Your spellcasting is much less encumbered by armour.
You can use scrolls of enchantment on lesser artefacts.


Message History

You barely miss the kobold. The kobold hits you with a +0 whip.
You take 1 damage, and have 16/17 hp.
You barely miss the kobold. You barely miss the ball python.
You slash the ball python!
You kill the ball python!
The ball python bites you. The ball python closely misses you.
The kobold misses you. The ball python bites you.
The ball python closely misses you. The kobold closely misses you.
You take 5 damage, and have 11/17 hp.
MASSIVE DAMAGE!!
You closely miss the kobold. You barely miss the ball python.
The ball python barely misses you. The ball python grabs you.
The ball python constricts you. The kobold hits you with a +0 whip.
The ball python bites you. The ball python constricts you.
You take 4 damage, and have 7/17 hp.
MASSIVE DAMAGE!!
You hit the kobold.
The kobold is moderately wounded.
You barely miss the ball python. The kobold hits you but does no damage.
The ball python bites you.
* * * LOW HITPOINT WARNING * * *
The ball python constricts you.
You take 2 damage, and have 5/17 hp.
You barely miss the kobold.
The kobold is moderately wounded.
You closely miss the ball python. The ball python bites you.
* * * LOW HITPOINT WARNING * * *
The ball python constricts you. The kobold hits you but does no damage.
The ball python bites you but does no damage.
The ball python constricts you.
* * * LOW HITPOINT WARNING * * *
You take 2 damage, and have 3/17 hp.
You hit the kobold but do no damage.
The kobold is moderately wounded.
You closely miss the ball python. The kobold hits you with a +0 whip.
* * * LOW HITPOINT WARNING * * *
The ball python bites you but does no damage.
The ball python constricts you. The kobold hits you but does no damage.
You take 1 damage, and have 2/17 hp.
The ball python's grasp on you weakens, but your attempt to escape fails.
The ball python bites you.
You die...

### .. #.. .
#.# . #.# .#
#.# #.## #.#
#...#.#
##.##S.....#
#.<.@......#
#..##K....##
#..# #...##
..... ..##
###..# ##
#..# ...#
....


You could see a ball python and a kobold.

Vanquished Creatures
  A ball python (D:2)
1 creature vanquished.

Notes
Turn   | Place    | Note
-------+----------+-------------------------------------------
     0 | D:1      | jasper the Mountain Dwarf Gladiator began the quest for the
                  | Orb.
     0 | D:1      | Reached XP level 1. HP: 17/17 MP: 1/1
    12 | D:2      | Slain by a ball python

Illustrated notes

Levels and vault maps discovered:
D:1:      nzn_arrival_water_spiral, layout_loops_ring,
          hellmonk_ecumenical_altar_inner_sanctum, serial_bayou_pond_a,
          nicolae_nh_oracle_at_delphi
D:2:      layout_loops_ring

Action                     || total
---------------------------++-------
  Melee: War axe           ||     7
 Armour: Leather armour    ||    20
  Dodge: Dodged            ||     6

Table legend: (Time is in decaauts)
 A = Elapsed time spent in this place.
 B = Non-inter-level travel time spent in this place.
 C = Inter-level travel time spent in this place.
 D = Time resting spent in this place.
 E = Time spent auto-exploring this place.
 F = Levels seen in this place.
 G = Mean time per level.
                   A        B        C        D        E       F      G
               +--------+--------+--------+--------+--------+-----+--------+
         Total |     14 |     14 |      0 |      0 |      0 |   2 |    7.0 |
       Dungeon |     14 |     14 |      0 |      0 |      0 |   2 |    7.0 |
               +--------+--------+--------+--------+--------+-----+--------+

Top non-repeatable levels by time:
     D:2: 12 daAuts
     D:1: 2 daAuts
